 Dungeon Crawl Stone Soup version 0.24-a0-443-g80245de385 (webtiles) character file.

Game seed: 13209110616684603424

6116 KristoblXynda the Carver (level 10, -2/84 HPs)
             Began as a Purple Draconian Gladiator on June 21, 2019.
             Was an Initiate of Gozag.
             Slain by an orc warrior
             ... wielding a +0 trident
              (14 damage)
             ... on level 10 of the Dungeon.
             The game lasted 00:16:09 (11649 turns).

KristoblXynda the Carver (DrGl)                    Turns: 11649, Time: 00:16:09

Health: -2/84      AC: 11    Str: 17    XL:     10   Next: 58%
Magic:  13/13      EV: 16    Int: 12    God:    Gozag
Gold:   1141       SH:  0    Dex: 12    Spells: 5/9 levels left

rFire    . . .     SeeInvis +   x - +3 scimitar (freeze)
rCold    . . .     Gourm    .   (no shield)
rNeg     + . .     Faith    .   (armour unavailable)
rPois    .         Spirit   .   b - +1 hat
rElec    .         Reflect  .   a - +0 cloak "Hetoupar" {SInv} (curse)
rCorr    .         Harm     .   (no gloves)
MR       +....                  v - +1 pair of boots
Stlth    +.........             (no amulet)
HPRegen  0.24/turn              s - ring of positive energy
MPRegen  0.13/turn              (no ring)

@: gold aura
A: breathe power, unfitting armour, cold-blooded, AC +7
a: Breathe Dispelling Energy, Potion Petition, Call Merchant, Bribe Branch,
Renounce Religion


You were on level 10 of the Dungeon.
You worshipped Gozag.
Gozag was most pleased with you.
You were hungry.

You visited 2 branches of the dungeon, and saw 11 of its levels.

You collected 1205 gold pieces.
You paid 64 gold pieces to Gozag.

Inventory:

Hand Weapons
 x - a +3 scimitar of freezing (weapon)
 z - a +5 scimitar
Missiles
 c - 5 throwing nets (quivered)
Armour
 a - the cursed +0 cloak "Hetoupar" (worn) {SInv}
   (You found it on level 6 of the Dungeon)

   It lets you see invisible.
   It has a curse placed upon it.
 b - a +1 hat (worn)
 p - a scarf of cloud immunity
 v - a +1 pair of boots (worn)
Jewellery
 s - a ring of positive energy (left hand)
Wands
 i - a wand of paralysis (1)
 k - a wand of scattershot (2)
 t - a wand of clouds (4)
Scrolls
 e - 3 scrolls of teleportation
 f - 2 scrolls of remove curse
 n - a scroll of enchant armour
Potions
 g - 3 potions of resistance
 h - a potion of cancellation
 j - a potion of haste {unknown}
 l - 2 potions of brilliance
 m - a potion of curing
 o - 2 potions of flight
 q - 2 potions of mutation
 r - 2 potions of might
 u - a potion of lignification
 w - 2 potions of agility
Miscellaneous
 A - a fan of gales
Comestibles
 d - 12 rations


   Skills:
 + Level 6.4 Fighting
 + Level 10.5 Long Blades
 - Level 2.0 Throwing
 + Level 7.9 Dodging
 + Level 6.0 Summonings
 - Level 5.0 Evocations


You had 5 spell levels left.
You knew the following spells:

 Your Spells              Type           Power        Failure   Level  Hunger
a - Summon Lightning Spi  Summ/Air       #.......     67%         4    #####..

Your spell library contained the following spells:

 Spells                   Type           Power        Failure   Level  Hunger
 Summon Small Mammal      Summ           ##..         2%          1    ##.....
 Call Imp                 Summ           ##......     4%          2    ###....
 Call Canine Familiar     Summ           ##......     9%          3    ####...
 Summon Guardian Golem    Hex/Summ       #.......     28%         3    ####...
 Summon Ice Beast         Ice/Summ       #.......     67%         4    #####..


Dungeon Overview and Level Annotations

Branches:
Dungeon (10/15)            Temple (1/1) D:5
   Lair: D:8-11         Orc: D:9-12

Altars:
Ashenzari
Cheibriados
Dithmenos
Elyvilon
Fedhas
Gozag
Hepliaklqana
Kikubaaqudgha
Makhleb
Nemelex Xobeh
Okawaru
Qazlal
Ru
Trog
Uskayaw
Vehumet
Wu Jian
Xom
Yredelemnul
The Shining One

Annotations:
D:7 1 runed translucent door, Iwannabefree's ghost, novice NaAK


Innate Abilities, Weirdness & Mutations

You can breathe bolts of dispelling energy.
Your rich purple scales are hard. (AC +7)
You cannot fit into any form of body armour.
You are cold-blooded and may be slowed by cold attacks.


Message History

The orc warrior is engulfed in noxious fumes.
The orc warrior appears confused.
Things that are here:
4 gold pieces; a +0 dagger The orc hits you with a +0 flail.
* * * LOW HITPOINT WARNING * * *
You see here 13 gold pieces.
You barely miss the orc.
The orc warrior is engulfed in noxious fumes.
The orc warrior appears confused.
The orc hits you but does no damage.
Unknown command.
You barely miss the orc.
The orc warrior is engulfed in noxious fumes.
The orc warrior appears confused.
You slash the orc! You freeze the orc.
You kill the orc!
Your Summonings skill increases to level 6!
The orc warrior hits you with a +0 trident!
You die...
Your body crumbles into a pile of gold.

######## ....... ......
.....# .....#
...$.#################..
......$.o§§§§o.o@$......
######.o###########...##
#..# .# #..# #..# ...#
.o... .o...


You could see 2 orc warriors.

Vanquished Creatures
  A hydra (D:9)
  A hornet (D:9)
  3 hippogriffs
  A wyvern (D:10)
  A hungry ghost (D:9)
  A black bear (D:7)
  4 orc warriors
  2 ice beasts
  2 sky beasts
  An eye of draining (D:9)
  3 phantoms
  3 necrophages (D:9)
  2 centaurs
  4 ogres
  3 bullfrogs (D:6)
  2 wyvern zombies (D:9)
  A scorpion (D:5)
  5 howler monkeys
  15 wights
  A crimson imp (D:5)
  A bullfrog zombie (D:6)
  A centaur zombie (D:9)
  6 hounds
  2 jellies
  An orc priest (D:10)
  3 iguanas
  11 orc wizards
  A bullfrog skeleton (D:7)
  Jessica (D:3)
  Ijyb (D:3)
  Natasha (D:3)
  9 worker ants
  A hound zombie (D:9)
  A hound skeleton (D:9)
  A worker ant zombie (D:5)
  3 gnolls (D:5)
  8 adders
  2 oozes (D:4)
  An adder skeleton (D:8)
  An adder zombie (D:7)
  2 dart slugs
  5 worms
  5 leopard geckos
  24 orcs
  10 bats
  6 giant cockroaches
  4 goblins
  4 hobgoblins
  2 jackals (D:6)
  4 quokkas
  A ball python (D:2)
  5 frilled lizards
  A jackal skeleton (D:4)
  4 kobolds
  3 quokka skeletons
  13 rats
  2 bushes (D:9)
207 creatures vanquished.

Vanquished Creatures (others)
  6 plants (D:9)
6 creatures vanquished.

Grand Total: 213 creatures vanquished

Notes
Turn   | Place    | Note
-------+----------+-------------------------------------------
     0 | D:1      | KristoblXynda the Draconian Gladiator began the quest for
                  | the Orb.
     0 | D:1      | Reached XP level 1. HP: 17/17 MP: 1/1
   126 | D:1      | Reached XP level 2. HP: 23/25 MP: 2/2
   641 | D:2      | Reached XP level 3. HP: 26/30 MP: 3/3
  1103 | D:2      | Found a radiant altar of Vehumet.
  1103 | D:2      | Found an ornate altar of the Wu Jian Council.
  1219 | D:3      | Noticed Jessica
  1224 | D:3      | Killed Jessica
  1224 | D:3      | Reached skill level 4 in Long Blades
  1224 | D:3      | Reached XP level 4. HP: 38/38 MP: 4/4
  1835 | D:3      | Noticed Natasha
  1847 | D:3      | Killed Natasha
  1847 | D:3      | Reached XP level 5. HP: 7/45 MP: 5/5
  2218 | D:3      | Noticed Ijyb
  2218 | D:3      | Paralysed by Ijyb for 6 turns
  2226 | D:3      | Killed Ijyb
  2983 | D:4      | Reached skill level 5 in Long Blades
  3342 | D:4      | Reached XP level 6. HP: 42/52 MP: 6/6
  3791 | D:5      | Entered Level 5 of the Dungeon
  4062 | D:5      | Found a glowing golden altar of the Shining One.
  4410 | D:5      | Found a staircase to the Ecumenical Temple.
  4439 | D:5      | Your scales start taking on a rich purple colour.
  4439 | D:5      | Reached skill level 1 in Evocations
  4439 | D:5      | Reached XP level 7. HP: 32/60 MP: 7/7
  4451 | Temple   | Entered the Ecumenical Temple
  4698 | Temple   | Became a worshipper of Gozag Ym Sagoz the Greedy
  5067 | D:5      | Reached skill level 6 in Long Blades
  5167 | D:5      | Found a hide-covered altar of Uskayaw.
  5256 | D:6      | Reached skill level 5 in Fighting
  5382 | D:6      | HP: 2/61 [orc warrior/+0 scimitar (20)]
  5793 | D:6      | Reached XP level 8. HP: 67/69 MP: 10/10
  5833 | D:6      | Reached skill level 5 in Dodging
  5977 | D:6      | Got a smoking cloak
  5988 | D:6      | Identified the cursed +0 cloak "Hetoupar" {SInv} (You found
                  | it on level 6 of the Dungeon)
  6449 | D:6      | Reached skill level 7 in Long Blades
  6684 | D:6      | Learned a level 4 spell: Summon Lightning Spire
  6996 | D:7      | Found a runed translucent door.
  7007 | D:7      | Reached skill level 1 in Summonings
  7020 | D:7      | Noticed Iwannabefree's ghost (novice NaAK)
  7020 | D:7      | Noticed a hippogriff
  7155 | D:7      | Reached XP level 9. HP: 35/75 MP: 12/12
  7169 | D:7      | Reached skill level 5 in Evocations
  7910 | D:8      | Reached skill level 8 in Long Blades
  8335 | D:8      | Found a bloodstained altar of Trog.
  9323 | D:9      | Found a blossoming altar of Fedhas.
  9373 | D:9      | Reached skill level 9 in Long Blades
  9918 | D:9      | Noticed a five-headed hydra
  9926 | D:9      | Killed a seven-headed hydra
  9926 | D:9      | Reached skill level 5 in Summonings
  9926 | D:9      | Reached XP level 10. HP: 56/83 MP: 13/13
 10161 | D:9      | Paralysed by a hornet for 2 turns
 10163 | D:9      | Reached skill level 10 in Long Blades
 11612 | D:10     | Entered Level 10 of the Dungeon
 11649 | D:10     | Slain by an orc warrior

Levels and vault maps discovered:
D:1:      eino_arrival_cavern_b, layout_basic
D:2:      layout_rooms, gammafunk_temple_overflow_wave
D:3:      layout_loops_corners, uniq_jessica, uniq_ijyb, uniq_natasha
D:4:      layout_loops_ring, cheibrodos_sewer_entry_bend
D:5:      layout_basic, lemuel_round_altar, old_standard_altar,
          minmay_temple_entry_grid, first_ration
D:6:      layout_gridville
D:7:      layout_gridville, ebering_ghost_inner_flame, grunt_ogre_cave
D:8:      layout_gridville, kennysheep_mini
D:9:      layout_basic, fedhas_altar_decomposition, nrook_mini_vaults,
          chequers_garden
D:10:     layout_long_grid, kennysheep_small_spiral
Temple:   eino_temple_scatter_basement

Skill      XL: |  1  2  3  4  5  6  7  8  9 10 |
---------------+-------------------------------+-----
Throwing       | 2 |  2.0
Dodging        | 3 4 5 7 |  7.9
Fighting       | 3 4 5 6 |  6.4
Long Blades    | 4 5 6 7 9 10 | 10.5
Evocations     | 1 3 4 5 |  5.0
Summonings     | 2 5 6 |  6.0

Action                   |  1- 3 |  4- 6 |  7- 9 | 10-12 || total
-------------------------+-------+-------+-------+-------++-------
Melee: Long sword        |    91 |   150 |    63 |       ||   304
       Tailslap          |     2 |    22 |    80 |    19 ||   123
       Scimitar          |       |       |   328 |    89 ||   417
 Abil: Breathe Dispellin |       |       |     4 |     2 ||     6
Evoke: Wand              |       |       |    13 |     2 ||    15
  Use: Potion            |       |     3 |     1 |       ||     4
       Scroll            |       |    11 |     8 |     3 ||    22
 Stab: Sleeping          |     6 |     5 |       |       ||    11
       Paralysed         |       |       |    30 |       ||    30
       Distracted        |       |       |       |     1 ||     1
  Eat: Chunk             |     1 |     7 |       |       ||     8
       Ration            |       |     1 |     7 |     1 ||     9
Armor: Skin              |    29 |    40 |   101 |    22 ||   192
Dodge: Dodged            |    59 |    94 |   257 |    75 ||   485
       Rpst.: Long sword |    18 |    24 |     8 |       ||    50
       Scimitar          |       |       |    79 |    20 ||    99

Table legend:
 A = Non-vault XP
 B = Vault XP
 C = Vault XP percentage of total XP
 D = Non-vault monster count
 E = Vault monster count
 F = Vault count percentage of total count
                 A         B        C        D         E       F
            +---------+---------+-------+---------+---------+-------
      Total |    7906 |     832 |   9.5 |     193 |      12 |   5.9
            +---------+---------+-------+---------+---------+-------
        D:1 |      34 |       0 |   0.0 |      22 |       0 |   0.0
        D:2 |      33 |       0 |   0.0 |      15 |       0 |   0.0
        D:3 |      79 |     109 |  58.0 |      22 |       3 |  12.0
        D:4 |     157 |      10 |   6.0 |       8 |       2 |  20.0
        D:5 |     525 |       0 |   0.0 |      23 |       0 |   0.0
        D:6 |    1256 |       0 |   0.0 |      28 |       0 |   0.0
        D:7 |     821 |     125 |  13.2 |      16 |       1 |   5.9
        D:8 |    1037 |       0 |   0.0 |      19 |       0 |   0.0
        D:9 |    3628 |     588 |  13.9 |      33 |       6 |  15.4
       D:10 |     336 |       0 |   0.0 |       7 |       0 |   0.0
            +---------+---------+-------+---------+---------+-------
